Map: World of Sleepers LE

Players

WestSideLove

  • Race: Zerg Zerg
  • League: Platinum
  • Spawn Location: 7:00

pHARM - Winner!

  • Race: Zerg Zerg
  • League: Platinum
  • Spawn Location: 1:00

VOD

Have the link to the VOD?

Description

Time

  • Played on: Sept. 1, 2019, 4:22 p.m.
  • Length: 15:37
Show
View Real Time Build Order
Export as new Build Order

WestSideLove Zerg 

Build Orders: Hatch First, Lurkers 

Get SALT Encoding   

  12  0:01  Drone  
  13  0:13  Overlord  
  13  0:24  Drone  
  14  0:33  Drone x2  
  16  0:37  Drone  
  17  0:54  Hatchery  
  16  1:09  Spawning Pool  
  16  1:10  Drone  
  16  1:14  Drone  
  16  1:17  Drone  
  18  1:23  Drone  
  19  1:30  Extractor  
  19  1:32  Drone  
  19  1:47  Drone  
  20  1:55  Overlord  
  20  1:58  Queen  
  22  2:07  Queen  
  24  2:08  Drone  
  24  2:09  Drone  
  24  2:13  Spine Crawler  
  25  2:15  Drone  
  25  2:17  Drone  
  27  2:26  Drone  
  27  2:29  Drone  
  29  2:40  Overlord  
  29  2:41  Drone  
  30  2:47  Drone  
  31  3:02  Roach Warren  
  31  3:04  Drone x3  
  33  3:06  Drone x3  
  36  3:14  Drone x2  
  36  3:18  Evolution Chamber  
  37  3:21  Drone  
  37  3:24  Overlord  
  38  3:32  Drone  
  39  3:46  Overlord  
  39  3:50  Zerg Missile Weapons Level 1  
  39  3:51  Roach x5  
  49  3:56  Hatchery  
  49  3:58  Extractor  
  49  3:59  Drone x3  
  49  4:01  Roach  
  52  4:05  Overlord  
  52  4:08  Roach  
  54  4:20  Overlord  
  54  4:21  Roach x2  
  54  4:22  Roach  
  60  4:37  Drone  
  61  4:42  Drone x3, Extractor  
  61  4:45  Drone x2  
  65  4:57  Lair  
  65  4:59  Hatchery  
  64  5:01  Roach x6  
  68  5:28  Roach  
  68  5:29  Roach x6  
  68  5:30  Roach  
  76  5:36  Queen  
  76  5:37  Roach x3  
  76  5:38  Roach  
  82  5:50  Evolution Chamber  
  82  5:51  Zergling x2  
  82  5:52  Overlord x3  
  82  6:08  Overlord  
  82  6:10  Queen  
  84  6:12  Zerg Missile Weapons Level 2  
  84  6:17  Zerg Melee Weapons Level 1  
  84  6:18  Zergling x12  
  89  6:19  Zergling x2  
  89  6:23  Metabolic Boost  
  91  6:32  Drone x2  
  93  6:33  Drone x4  
  93  6:34  Drone  
  98  6:42  Glial Reconstitution  
  69  7:01  Roach  
  69  7:02  Roach x8  
  79  7:16  Drone x3  
  79  7:17  Extractor  
  79  7:18  Roach x3  
  79  7:19  Roach x2  
  91  7:29  Roach x4  
  99  7:31  Drone x4  
  99  7:32  Drone  
  104  7:39  Overlord  
  104  7:47  Roach x2  
  104  7:48  Roach x4  
  116  7:53  Drone x3, Extractor x2  
  116  7:56  Drone  
  116  7:57  Drone  
  119  8:05  Overlord x2  
  119  8:06  Overlord  
  119  8:10  Roach x2  
  119  8:11  Roach  
  125  8:21  Infestation Pit  
  125  8:24  Roach  
  125  8:25  Roach x4  
  134  8:28  Zerg Ground Armor Level 1  
  134  8:46  Zerg Melee Weapons Level 2  
  134  8:48  Roach  
  134  8:49  Roach x5  
  134  8:50  Roach  
  125  9:15  Roach  
  125  9:16  Roach x11  
  117  9:26  Roach  
  117  9:27  Roach x4  
  121  9:37  Roach  
  121  9:38  Roach x4  
  131  10:00  Overlord x5  
  131  10:02  Hatchery  
  130  10:11  Roach  
  130  10:12  Roach x3  
  112  10:21  Roach  
  112  10:22  Roach x4  
  112  10:26  Hydralisk Den  
  101  10:32  Zerg Ground Armor Level 2  
  79  10:51  Overseer x3  
  79  10:54  Hatchery  
  78  10:59  Lurker Den  
  78  11:00  Hydralisk x5  
  87  11:08  Drone  
  87  11:09  Drone x5  
  93  11:15  Roach  
  93  11:16  Roach  
  97  11:22  Roach  
  97  11:23  Roach x2  
  103  11:37  Hydralisk x4  
  103  11:38  Hydralisk  
  113  11:58  Roach x8  
  129  12:07  Roach  
  129  12:08  Roach x4  
  139  12:15  Hive  
  139  12:27  Lurker x5  
  139  12:28  Lurker x4  
  148  12:33  Drone x5  
  153  12:54  Drone x14  
  153  12:55  Drone x2  
  137  13:12  Roach  
  137  13:13  Roach x9  
  134  13:20  Roach  
  134  13:21  Roach x4  
  140  13:34  Roach x3  
  140  13:35  Roach x6  
  134  13:58  Roach  
  134  13:59  Roach x9  
  154  14:07  Hatchery  
  153  14:11  Roach x5  
  163  14:28  Roach x9  
  163  14:29  Roach  
  153  14:40  Roach x8  
  153  14:41  Roach x3  
  153  14:50  Roach x7  
  141  15:06  Drone, Roach  
  141  15:07  Roach x10  
Show
View Real Time Build Order
Export as new Build Order

pHARM Zerg - Winner!

Build Orders: Hatch First, Roach Hydra 

Get SALT Encoding   

  12  0:01  Drone  
  13  0:13  Overlord  
  13  0:18  Drone  
  14  0:31  Drone x2  
  16  0:50  Hatchery  
  16  0:54  Drone  
  16  0:56  Drone  
  17  1:01  Drone  
  18  1:15  Spawning Pool  
  17  1:19  Drone  
  17  1:22  Drone  
  19  1:33  Drone  
  20  1:40  Extractor  
  20  1:43  Drone  
  20  2:00  Overlord  
  20  2:04  Queen x2  
  20  2:06  Drone x2  
  26  2:19  Overlord  
  26  2:20  Drone  
  27  2:23  Drone  
  28  2:30  Drone  
  28  2:34  Drone  
  30  2:37  Drone  
  31  2:48  Drone x2  
  31  2:50  Lair  
  33  2:56  Overlord  
  33  3:01  Drone  
  34  3:16  Overlord x2  
  34  3:17  Drone x2  
  34  3:18  Drone x2  
  38  3:25  Queen  
  38  3:26  Hatchery  
  39  3:27  Evolution Chamber  
  38  3:36  Drone x5  
  43  3:51  Roach Warren  
  43  3:52  Extractor  
  43  3:53  Zerg Missile Weapons Level 1, Extractor  
  40  4:04  Drone  
  40  4:05  Evolution Chamber, Drone x6  
  46  4:29  Drone x2  
  48  4:34  Glial Reconstitution  
  48  4:37  Roach x5  
  58  4:57  Overlord x2  
  58  4:58  Roach x7  
  70  5:09  Roach x2  
  70  5:16  Roach x5  
  78  5:22  Roach x3  
  84  5:30  Roach x2  
  84  5:31  Queen x2  
  86  5:50  Overlord x2  
  86  5:51  Overlord  
  86  5:53  Queen  
  88  6:11  Drone x9  
  95  6:19  Zerg Missile Weapons Level 2  
  95  6:20  Zerg Ground Armor Level 1  
  95  6:32  Extractor  
  94  6:35  Hydralisk Den  
  94  6:38  Roach x3  
  94  6:39  Infestation Pit  
  92  6:53  Roach x4  
  96  6:54  Roach  
  96  6:58  Roach  
  92  7:03  Roach x2  
  92  7:06  Drone x6  
  98  7:13  Extractor x2  
  96  7:28  Overlord x2  
  96  7:29  Drone x2  
  101  7:30  Drone x3  
  101  7:40  Overlord x3  
  101  7:41  Hatchery  
  100  7:50  Drone  
  100  7:51  Drone x2  
  102  7:52  Drone x2  
  105  8:02  Grooved Spines  
  105  8:07  Hydralisk x7  
  119  8:19  Spire  
  118  8:40  Hydralisk x8  
  122  9:04  Roach x11  
  132  9:14  Muscular Augments  
  118  9:17  Roach x3  
  118  9:23  Roach x3  
  114  9:40  Roach x6  
  126  9:54  Queen  
  126  9:56  Zerg Ground Armor Level 2  
  128  10:02  Hive  
  128  10:07  Roach x9  
  142  10:16  Roach  
  142  10:17  Roach x3  
  142  10:18  Overlord x7  
  120  10:31  Roach x7  
  132  10:44  Queen  
  132  10:45  Queen x2  
  138  11:14  Roach x2  
  138  11:15  Roach x11  
  164  11:23  Zerg Missile Weapons Level 3  
  164  11:39  Hydralisk  
  164  11:40  Unknown, Hydralisk x11  
  187  11:51  Overseer  
  187  11:53  Greater Spire  
  187  12:00  Drone x4, Hatchery  
  187  12:01  Drone x3  
  193  12:26  Zerg Ground Armor Level 3  
  193  12:32  Hydralisk  
  193  12:33  Hydralisk x2  
  193  12:35  Drone  
  200  12:39  Overseer  
  200  12:40  Overseer x6  
  200  12:41  Pneumatized Carapace  
  200  12:50  Ultralisk Cavern  
  195  13:09  Roach  
  195  13:10  Roach x21  
  195  13:11  Roach x2  
  183  13:19  Roach  
  127  13:33  Roach x7  
  139  13:40  Roach  
  137  13:48  Hydralisk  
  137  13:49  Hydralisk x2  
  137  13:52  Hydralisk x4  
  151  14:07  Hydralisk  
  151  14:08  Hydralisk x10  
  173  14:30  Hydralisk x10  
  167  14:39  Hydralisk x4  
  159  14:49  Hydralisk  
  159  14:50  Hydralisk x3  
Tags
 
Add a new tag
Caveats
  • Supply blocks, unpowered buildings, or Contaminate may cause inaccurate times.
  • Supply counts are checked every 10 seconds.